 Dungeon Crawl Stone Soup version 0.28.0 (webtiles) character file.

Game seed: 9076711830332131121

37 styxcanada the Sneak (level 3, 0/18 HPs)
             Began as a Spriggan Brigand on Feb 6, 2022.
             Killed from afar by Sigmund (3 damage)
             ... with a magic dart
             ... on level 2 of the Dungeon.
             The game lasted 00:06:52 (2021 turns).

styxcanada the Sneak (Spriggan Brigand)             Turns: 2021, Time: 00:06:53

Health: 0/18       AC:  3    Str:  7    XL:     3   Next: 21%
Magic:  4/4        EV: 17    Int: 12    God:
Gold:   52         SH:  0    Dex: 18    Spells: 2/2 levels left

rFire   . . .      SeeInvis +   a - +3 dagger
rCold   . . .      Faith    .   (no shield)
rNeg    . . .      Spirit   .   b - +0 robe
rPois   .          Reflect  .   (helmet restricted)
rElec   .          Harm     .   c - +0 cloak
rCorr   .          Rampage  .   (gloves unavailable)
Will    .....                   (boots unavailable)
Stlth   ++++......              (no amulet)
HPRegen 0.06/turn               (no ring)
MPRegen 0.09/turn               (no ring)

@: very quick
A: very small, no large weapons, unfitting armour, see invisible, speed 3
a: no special abilities


You were on level 2 of the Dungeon.
You visited 1 branch of the dungeon, and saw 2 of its levels.

You collected 52 gold pieces.

Inventory:

Hand Weapons
 a - a +3 dagger (weapon)
Missiles
 d - 3 poisoned darts (quivered)
 e - 2 curare-tipped darts
 f - 85 stones
Armour
 b - a +0 robe (worn)
 c - a +0 cloak (worn)
Wands
 n - a wand of flame (7)
Scrolls
 g - a scroll of enchant weapon
 i - 2 scrolls of teleportation {unknown}
 l - 2 scrolls of fear {unknown}
 m - a scroll of noise {unknown}
Potions
 h - a potion of flight {unknown}
 j - a potion of heal wounds {unknown}
 k - a potion of berserk rage {unknown}


   Skills:
 * Level 1.8 Fighting
 + Level 2.4 Short Blades
 + Level 2.0 Throwing
 * Level 2.3 Dodging
 * Level 6.8 Stealth
 * Level 0.1 Evocations


You had 2 spell levels left.
You didn't know any spells.
Your spell library contained the following spells:

 Spells                   Type           Power      Damage    Failure   Level
 Slow                     Hex            0%         N/A       32%         1
 Confusing Touch          Hex            0%         N/A       69%         3
 Vampiric Draining        Necr           0%         2d6       69%         3


Dungeon Overview and Level Annotations

Branches:
Dungeon (2/15)

Altars:

Annotations:
D:2 Sigmund


Innate Abilities, Weirdness & Mutations

You are very small and have problems with some larger weapons.
You are too small for most types of armour.
You have supernaturally acute eyesight. (SInv)
You cover ground extremely quickly. (Speed+++)


Message History

You bump into the rock wall.
Sigmund closely misses you. Sigmund closely misses you.
Sigmund hits you with a +0 scythe!
Ouch! That really hurt!
You feel less confused.
You see here 20 stones.
Sigmund barely misses you. Sigmund barely misses you.
Sigmund points at you and mumbles some strange words.
The magic dart hits you.
* * * LOW HITPOINT WARNING * * *
Throw: 8 darts (poison)
Press: ? - help, Q - select action, (/) - cycle Shift-Dir - straight line, f - Sigmund
Aim: Sigmund, wielding a +0 scythe and wearing a +0 robe (lightly wounded, 58% to hit)
You throw a poisoned dart.
The poisoned dart barely misses Sigmund.
Throw: 7 darts (poison)
Press: ? - help, Q - select action, (/) - cycle Shift-Dir - straight line, f/p - Sigmund
Aim: Sigmund, wielding a +0 scythe and wearing a +0 robe (lightly wounded, 58% to hit)
You throw a poisoned dart.
The poisoned dart barely misses Sigmund.
Throw: 6 darts (poison)
Press: ? - help, Q - select action, (/) - cycle Shift-Dir - straight line, f/p - Sigmund
Aim: Sigmund, wielding a +0 scythe and wearing a +0 robe (lightly wounded, 58% to hit)
You throw a poisoned dart. The poisoned dart hits Sigmund.
Sigmund is poisoned.
Sigmund is lightly wounded.
Throw: 5 darts (poison)
Press: ? - help, Q - select action, (/) - cycle Shift-Dir - straight line, f/p - Sigmund
Aim: Sigmund, wielding a +0 scythe and wearing a +0 robe (lightly wounded, poisoned, 58% to hit)
You throw a poisoned dart.
The poisoned dart barely misses Sigmund.
Throw: 4 darts (poison)
Press: ? - help, Q - select action, (/) - cycle Shift-Dir - straight line, f/p - Sigmund
Aim: Sigmund, wielding a +0 scythe and wearing a +0 robe (lightly wounded, poisoned, 58% to hit)
You throw a poisoned dart.
The poisoned dart closely misses Sigmund.
Sigmund looks more healthy.
Sigmund gestures at you while chanting. The magic dart hits you.
You die...

#.#.# #>... ######
#.#.####.### #....#
#.#......# #....#
#.#..##### #....# #.#..#
#######....# #.#..#
#.....#....# #....#
#.###.#....########.##
######+###''.).)@......#.#
................######.#.#
.........@.....##
#.#.##.## ..(.(.((.......#
#....#... ######+#########
######..#### #..#...
######+###### #..#.#.
............. #..#.#.
.........# #..#.#.


You could see Sigmund.

Vanquished Creatures
  A dart slug (D:2)
  An endoplasm (D:1)
  A giant cockroach (D:2)
  7 hobgoblins
  2 kobolds
  2 quokkas
  3 ball pythons (D:1)
  6 bats
  5 frilled lizards
  4 goblins
  A rat (D:1)
33 creatures vanquished.

Notes
Turn   | Place    | Note
-------+----------+-------------------------------------------
     0 | D:1      | styxcanada the Spriggan Brigand began the quest for the
                  | Orb.
     0 | D:1      | Reached XP level 1. HP: 10/10 MP: 2/2
   355 | D:1      | Reached skill level 6 in Stealth
   725 | D:1      | Reached XP level 2. HP: 14/14 MP: 3/3
  1360 | D:1      | Found a faded altar of an unknown god.
  1785 | D:2      | Reached XP level 3. HP: 18/18 MP: 4/4
  1978 | D:2      | Noticed Sigmund
  2021 | D:2      | Killed from afar by Sigmund

Illustrated notes

Levels and vault maps discovered:
D:1:      dpeg_arrival_arbitrary_b, layout_basic,
          hellmonk_ecumenical_altar_heavens_door, serial_bayou_pond_d,
          kennysheep_nondescript
D:2:      layout_basic, uniq_sigmund

Skill      XL: |  1 |
---------------+----+-----
Dodging        | 2 |  2.3
Stealth        | 6 |  6.8
Fighting       | |  1.8
Short Blades   | |  2.4
Throwing       | |  2.0
Evocations     | |  0.1

Action                   || total
-------------------------++-------
Melee: Dagger            ||    89
Throw: Dart              ||    21
  Use: Scroll            ||     1
 Stab: Sleeping          ||    10
Armor: Robe              ||     6
Dodge: Dodged            ||    72
